 Dungeon Crawl Stone Soup version 0.21.0-24-g2553a33 (webtiles) character file.

133 raph the Chiller (level 4, -2/49 HPs)
             Began as a Draconian Ice Elementalist on Jan 21, 2018.
             Slain by a bullfrog (5 damage)
             ... in a sewer.
             The game lasted 00:06:43 (3158 turns).

raph the Chiller (Draconian Ice Elementalist)       Turns: 3158, Time: 00:06:43

Health: -2/49      AC: 27    Str: 10    XL:     4   Next: 94%
Magic:  1/8        EV:  2    Int: 16    God:
Gold:   48         SH:  0    Dex: 12    Spells: 3/9 levels left

rFire    . . .     SeeInvis +   c - +0 short sword
rCold    . . .     Gourm    .   (no shield)
rNeg     + + +     Faith    .   (armour unavailable)
rPois    +         Spirit   .   (helmet currently unavailable)
rElec    .         Reflect  .   (cloak currently unavailable)
rCorr    .         Harm     .   (gloves currently unavailable)
MR       .....     NoTele   +   (boots currently unavailable)
Stlth    ++........             (no amulet)
HPRegen  0.16/turn              k - ring of see invisible
MPRegen  0.11/turn              m - +3 ring of evasion

@: icy armour, tree-form, slow
A: unfitting armour, AC +5
a: no special abilities


You were in a sewer.
You were hungry.
You were a tree.
You visited 1 branch of the dungeon, and saw 3 of its levels.
You also visited: Sewer.

You collected 48 gold pieces.

Inventory:

Hand Weapons
 c - a +0 short sword (weapon)
Armour
 g - a +0 cloak (melded)
Jewellery
 k - a ring of see invisible (left branch)
 m - a +3 ring of evasion (right branch)
Scrolls
 d - 3 scrolls of remove curse
 n - a scroll of teleportation {unknown}
 o - 2 scrolls of identify {unknown}
Potions
 i - 5 potions of curing {unknown}
 l - a potion of haste {unknown}
Books
 a - a book of Frost

   Spells                             Type                      Level
   a - Freeze                         Ice                          1
   b - Throw Frost                    Conjuration/Ice              2
   c - Ozocubu's Armour               Charms/Ice                   3
   d - Throw Icicle                   Conjuration/Ice              4
   e - Summon Ice Beast               Ice/Summoning                4
Comestibles
 b - 6 rations


   Skills:
 - Level 1.7 Dodging
 - Level 1.7 Stealth
 + Level 3.0 Spellcasting
 + Level 2.2 Conjurations
 * Level 4.6 Ice Magic


You had 3 spell levels left.
You knew the following spells:

 Your Spells              Type           Power        Failure   Level  Hunger
a - Freeze                Ice            ###.         2%          1    #......
b - Throw Frost           Conj/Ice       ##....       7%          2    ##.....
c - Ozocubu's Armour      Chrm/Ice       #.......     22%         3    ###....


Dungeon Overview and Level Annotations

Branches:
Dungeon (3/15)

Altars:


Innate Abilities, Weirdness & Mutations

((Your plain brown scales are hard. (AC +5)))
You cannot fit into any form of body armour.
((You are cold-blooded and may be slowed by cold attacks.))


Message History

Confirm with . or Enter, or press ? or * to list all spells.
A film of ice covers your body! The bullfrog barely misses you. x3
The bullfrog closely misses you. The bullfrog misses you.
The bullfrog hits you but does no damage.
The bullfrog barely misses you. The bullfrog hits you.
* * * LOW HITPOINT WARNING * * *
The bullfrog completely misses you. x2
The bullfrog closely misses you.
The bullfrog hits you but does no damage.
The bullfrog hits you!
* * * LOW HITPOINT WARNING * * *
It was a potion of flight.
You feel very buoyant.
You fly up into the air.
The bullfrog completely misses you. The bullfrog hits you.
* * * LOW HITPOINT WARNING * * *
It was a potion of lignification.
You turn into a tree.
Your +0 cloak melds into your body.
Your roots penetrate the ground.
The bullfrog hits you.
You die...

#..≈≈≈≈≈≈≈≈≈≈≈≈≈≈≈≈≈≈≈≈≈≈≈≈≈≈≈
#.≈≈≈≈≈≈≈≈≈≈≈≈≈≈≈≈≈≈≈≈≈≈≈≈≈≈≈≈
#.≈≈≈≈≈≈≈≈≈≈≈≈≈≈≈≈≈≈≈≈≈≈≈≈≈≈≈≈
#.≈≈≈≈..≈≈≈≈≈≈≈≈≈≈.........≈≈≈
#.≈≈≈.≈≈≈≈≈≈≈≈≈≈≈≈≈≈≈≈#######.
#≈≈≈≈.≈≈≈≈≈≈≈≈≈≈≈≈≈≈≈≈≈≈# #.
#.≈≈≈≈≈≈≈≈≈%≈≈≈≈≈≈≈≈≈≈≈≈# #.
#≈≈≈≈≈≈≈≈≈≈≈F≈≈≈≈≈≈≈≈≈≈≈≈# #.
#.≈≈≈≈≈≈≈≈≈≈F♣≈≈?≈≈≈≈≈≈≈≈# #≈
#.≈≈≈≈≈≈≈≈≈≈..≈)?$.≈≈≈≈≈≈# #≈
#≈≈≈≈≈≈≈≈≈≈≈≈.≈.!..≈≈≈≈≈≈# #≈
#≈≈≈≈≈≈≈≈≈....≈≈..≈≈≈≈≈≈≈# #.
#≈≈≈≈≈#≈≈≈≈∩.≈≈≈≈≈≈≈≈ #.
#≈≈≈≈≈##≈≈≈≈≈≈≈≈≈≈≈≈≈ #.
#.≈≈≈≈####≈≈≈≈≈≈≈≈≈≈≈ #≈
#.≈≈≈≈# ####≈≈≈≈≈≈## #.
#.≈≈≈.# ### #.


You could see 2 bullfrogs.

Vanquished Creatures
  Crazy Yiuf (D:2)
  3 adders
  An ooze (D:1)
  A dart slug (D:1)
  3 leopard geckos
  4 ball pythons
  15 giant cockroaches
  5 goblins
  7 hobgoblins
  2 jackals (D:2)
  8 kobolds
  A quokka (D:2)
  5 bats
  7 frilled lizards
  3 rats
66 creatures vanquished.

Notes
Turn   | Place    | Note
-------+----------+-------------------------------------------
     0 | D:1      | raph the Draconian Ice Elementalist began the quest for the Orb.
     0 | D:1      | Reached XP level 1. HP: 14/14 MP: 3/3
   223 | D:1      | Reached XP level 2. HP: 18/20 MP: 1/5
   293 | D:1      | Learned a level 2 spell: Throw Frost
  1145 | D:1      | Reached XP level 3. HP: 19/26 MP: 6/6
  1232 | D:1      | Learned a level 3 spell: Ozocubu's Armour
  1356 | D:2      | Found a runed door.
  1465 | D:2      | Reached skill level 4 in Ice Magic
  1861 | D:2      | Reached XP level 4. HP: 31/33 MP: 0/7
  1988 | D:2      | Noticed Crazy Yiuf
  1996 | D:2      | Killed Crazy Yiuf
  2372 | D:3      | Found a glowing drain.
  2476 | Sewer    | Entered a sewer
  3144 | Sewer    | Noticed a bullfrog
  3145 | Sewer    | Noticed a bullfrog
  3158 | Sewer    | Slain by a bullfrog

Skill      XL: |  1  2  3  4 |
---------------+-------------+-----
Ice Magic      | 4 |  4.6
Conjurations   | 2 |  2.2
Spellcasting   | 3 |  3.0
Dodging        | |  1.7
Stealth        | |  1.7

Action                   |  1- 3 |  4- 6 || total
-------------------------+-------+-------++-------
Melee: Short sword       |    35 |    44 ||    79
       Unarmed           |     5 |       ||     5
       Tailslap          |     2 |     2 ||     4
 Cast: Freeze            |    46 |    28 ||    74
       Throw Frost       |     7 |    16 ||    23
       Ozocubu's Armour  |       |     5 ||     5
  Use: Scroll            |       |     3 ||     3
       Potion            |       |     2 ||     2
 Stab: Sleeping          |     4 |       ||     4
  Eat: Chunk             |     4 |     5 ||     9
Armor: Skin              |    23 |    17 ||    40
Dodge: Dodged            |    47 |    66 ||   113
